Map: Inferno Pools

Players

SirRobin - Winner!

  • Race: Zerg Zerg
  • Spawn Location: 11:00

Kantuva

  • Race: Zerg Zerg
  • Spawn Location: 5:00

VOD

Have the link to the VOD?

Description

Time

  • Played on: April 1, 2015, 10:03 p.m.
  • Length: 5:24
Show
View Real Time Build Order
Export as new Build Order

SirRobin Zerg - Winner!

Build Orders: Hatch First 

Get SALT Encoding   

  12  0:01  Drone  
  13  0:08  Drone  
  14  0:17  Overlord  
  14  0:28  Extractor  
  13  0:29  Drone x2, Extractor  
  16  0:36  Drone  
  17  0:44  Drone  
  18  0:56  Drone  
  19  1:04  Hatchery  
  18  1:11  Spawning Pool  
  18  1:15  Drone  
  18  1:18  Drone  
  19  1:28  Overlord  
  19  1:38  Drone  
  20  1:48  Drone, Extractor  
  20  2:03  Queen  
  20  2:04  Drone  
  23  2:09  Drone  
  24  2:15  Drone  
  24  2:16  Queen  
  27  2:23  Drone  
  27  2:26  Drone  
  29  2:31  Drone  
  30  2:37  Overlord  
  30  2:39  Queen  
  32  2:45  Hatchery  
  32  2:47  Drone  
  32  2:48  Drone  
  33  2:55  Metabolic Boost  
  33  2:56  Drone  
  34  3:00  Drone  
  34  3:03  Drone  
  36  3:10  Drone  
  36  3:11  Drone x2  
  39  3:20  Overlord  
  39  3:21  Drone x3  
  39  3:24  Extractor  
  39  3:25  Baneling Nest  
  40  3:27  Drone  
  40  3:28  Drone  
  40  3:30  Drone  
  40  3:31  Drone  
  44  3:40  Zergling x4  
  46  3:44  Zergling x2  
  47  3:52  Zergling x10  
  52  3:58  Drone  
  53  4:03  Overlord  
  53  4:04  Zergling x8  
  53  4:09  Overlord  
  57  4:10  Zergling x2  
  57  4:12  Baneling x3  
  58  4:22  Baneling x3  
  48  4:42  Zergling x2  
  48  4:43  Zergling x24  
  59  4:49  Zergling x10  
  64  4:53  Zergling x2  
  65  5:00  Baneling x2  
  65  5:02  Baneling x2  
  65  5:05  Hatchery  
Show
View Real Time Build Order
Export as new Build Order

Kantuva Zerg 

Build Orders: Hatch First 

Get SALT Encoding   

  12  0:01  Drone  
  13  0:13  Overlord  
  13  0:21  Drone  
  14  0:32  Drone  
  14  0:33  Drone  
  16  0:36  Drone  
  17  0:55  Hatchery  
  16  0:58  Extractor  
  16  0:59  Drone  
  16  1:13  Spawning Pool  
  16  1:16  Drone  
  16  1:20  Drone  
  17  1:26  Drone  
  17  1:32  Drone  
  19  1:40  Overlord  
  19  2:01  Queen  
  19  2:03  Metabolic Boost  
  19  2:06  Queen  
  23  2:09  Zergling x2  
  23  2:14  Drone  
  25  2:19  Drone x2  
  27  2:25  Drone  
  28  2:46  Drone x4  
  32  2:56  Baneling Nest, Zergling x4  
  33  3:03  Zergling x2  
  34  3:18  Drone x2, Overlord  
  35  3:30  Overlord  
  35  3:31  Overlord  
  35  3:34  Drone  
  35  3:37  Extractor  
  35  3:38  Extractor  
  35  3:40  Zergling x2  
  35  3:41  Zergling x8  
  39  3:46  Zergling x2  
  40  3:49  Baneling  
  40  3:50  Baneling x3  
  40  4:02  Lair  
  40  4:03  Zergling x2  
  40  4:04  Zergling x14  
  40  4:05  Zergling x2  
  49  4:15  Drone  
  49  4:16  Drone x2  
  46  4:41  Drone x6  
  47  4:47  Drone x2  
  47  4:48  Drone x2  
  51  4:54  Overlord  
Tags
 
Add a new tag
Caveats
  • Supply blocks, unpowered buildings, or Contaminate may cause inaccurate times.
  • Supply counts are checked every 10 seconds.